 Dungeon Crawl Stone Soup version 0.21-a0-442-g848f44b (webtiles) character file.

12769 Gildeon the Fighter (level 11, -18/101 HPs)
             Began as a Minotaur Berserker on Nov 16, 2017.
             Was a High Priest of Trog.
             Demolished by a wyvern (20 damage)
             ... on level 11 of the Dungeon.
             The game lasted 01:05:45 (12427 turns).

Gildeon the Fighter (Minotaur Berserker)           Turns: 12427, Time: 01:05:45

Health: -18/101    AC:  0    Str: 24    XL:     11   Next: 66%
Magic:  13/13      EV: 17    Int:  4    God:    Trog [*****.]
Gold:   752        SH:  0    Dex: 11    Spells: 10/10 levels left

rFire    . . .     SeeInvis .   (weapon currently unavailable)
rCold    . . .     Gourm    .   (shield currently unavailable)
rNeg     . . .     Faith    .   (armour currently unavailable)
rPois    .         Spirit   .   (helmet currently unavailable)
rElec    .         Reflect  .   (cloak currently unavailable)
rCorr    .         Harm     .   (gloves currently unavailable)
MR       .....                  (boots currently unavailable)
Stlth    +.........             (no amulet)
HPRegen  0.26/turn              (ring currently unavailable)
MPRegen  0.13/turn              (ring currently unavailable)

@: pig-form, barbed spikes, slowed
A: (retaliatory headbutt)
a: Berserk, Trog's Hand, Brothers in Arms, Burn Spellbooks, Renounce Religion


You were on level 11 of the Dungeon.
You worshipped Trog.
Trog was extremely pleased with you.
You were not hungry.
You were a filthy swine.
You visited 1 branch of the dungeon, and saw 12 of its levels.

You collected 752 gold pieces.

Inventory:

Hand Weapons
 B - a +3 battleaxe of freezing (melded)
Missiles
 x - 5 javelins of returning
 C - 6 tomahawks of returning
 D - 5 tomahawks (quivered)
 G - 2 poisoned javelins
Armour
 e - a +0 cloak (melded)
 h - a +0 plate armour (melded)
 z - a +2 hat of magic resistance (melded)
 H - a +0 pair of boots (melded)
Jewellery
 m - a +3 ring of protection (melded)
 s - the ring "Zig Wen" {rN+ MR+, unknown}
   (You found it on level 9 of the Dungeon)

   [ring of positive energy]

   It protects you from negative energy.
   It affects your resistance to hostile enchantments.
 v - a ring of ice (melded)
Wands
 a - a wand of lightning (2/15)
 i - a wand of flame (4/48)
 u - a wand of acid (6/15)
 y - a wand of confusion (31/48)
 A - a wand of flame (0/48)
 E - a wand of polymorph (11/24)
Scrolls
 d - a scroll of brand weapon
 k - 6 scrolls of teleportation
 w - 3 scrolls of blinking
 F - a scroll of remove curse
Potions
 b - 4 potions of flight
 f - 4 potions of agility
 j - a potion of heal wounds
 l - 2 potions of might
 o - 4 potions of haste
 p - 5 potions of curing
 r - a potion of magic {unknown}
Comestibles
 c - 2 bread rations
 g - 5 royal jellies
 n - 6 fruits
 q - 12 chunks of flesh
 t - 4 meat rations


   Skills:
 - Level 10.9 Fighting
 - Level 9.4(11.2) Axes
   Level 10.0(11.5) Maces & Flails
 - Level 5.0 Throwing
 - Level 10.0 Armour
 + Level 6.7 Dodging
 - Level 5.0 Evocations


You had 10 spell levels left.
You didn't know any spells.

Dungeon Overview and Level Annotations

Branches:
Dungeon (12/15)            Temple (0/1) D:6            Lair (0/6) D:10
    Orc (0/2) D:9

Altars:
Ashenzari
Sif Muna

Shops:
D:4 [

Annotations:
D:9 1 transporter
D:12 Kirke


Innate Abilities, Weirdness & Mutations

((You reflexively headbutt those who attack you in melee.))
((You have a pair of horns on your head.))


Message History

Kirke points at you and mumbles some strange words.
You feel a momentary urge to oink.
You climb upwards.
There is a stone staircase leading down here.
You bite the wyvern!
The wyvern is moderately wounded.
The wyvern closely misses you. The wyvern bites you.
* * * LOW HITPOINT WARNING * * *
You feel much better. The wyvern bites you!
* * * LOW HITPOINT WARNING * * *
The wyvern bites you!
* * * LOW HITPOINT WARNING * * *
You closely miss the wyvern.
The wyvern is moderately wounded.
The wyvern closely misses you. The wyvern bites you!!
* * * LOW HITPOINT WARNING * * *
You hit the wyvern.
The wyvern is moderately wounded.
The wyvern barely misses you. The wyvern bites you!!
You die...

#### ...# ####### ##.#
#......
##.###############
#.#####
.................#
#######.#
##.#############h#
#.......# ##...# #l#
#.####### .....# #.#
#.# ##...#
#####.####.###########
##..##
#.....................
##..##
#.########..#######.##
##...## #.# #..# #.#
#.....## #.# #..# #.#
.......# #.# #..# #.#


You could see a wyvern.

Vanquished Creatures
  Fannar (D:10)
  A centaur warrior (D:9)
  A two-headed ogre (D:9)
  The ghost of vineage the Carver, a novice MiFi of Okawaru (D:7)
  2 ugly things
  Maurice (D:11)
  4 hippogriffs
  2 wraiths
  A spriggan (D:10)
  A hog (D:12)
  2 wyverns
  A human (D:10)
  A basilisk (D:10)
  5 yaks (D:10)
  A vampire mosquito (D:9)
  3 hungry ghosts
  A soldier ant (D:12)
  An acid dragon (D:11)
  3 water moccasins
  4 porcupines (D:10)
  4 orc warriors
  2 ice beasts
  3 sky beasts
  3 necrophages
  3 phantoms
  5 ogres
  2 centaurs
  2 big kobolds
  Blork the orc (D:5)
  10 bullfrogs
  2 crocodiles (D:10)
  3 scorpions
  10 killer bees
  5 wights (D:8)
  3 crimson imps
  A centaur zombie (D:10)
  Crazy Yiuf (D:5)
  A bullfrog skeleton (D:9)
  4 orc priests
  7 hounds
  7 jellies
  A bullfrog zombie (D:9)
  Jessica (D:9)
  3 iguanas
  3 orc wizards
  6 worker ants
  A killer bee zombie (D:8)
  3 gnolls (D:2)
  10 adders
  A howler monkey skeleton (D:6)
  A river rat (D:11)
  2 shadow imps
  An adder zombie (D:9)
  2 adder skeletons
  4 worms
  3 dart slugs
  A leopard gecko (D:3)
  29 orcs
  5 giant cockroaches
  7 goblins
  11 hobgoblins
  3 jackals (D:2)
  33 kobolds
  3 quokkas
  6 bats
  7 frilled lizards
  A leopard gecko zombie (D:6)
  8 rats
272 creatures vanquished.

Vanquished Creatures (collateral kills)
  A sky beast (D:9)
  A crimson imp (D:9)
2 creatures vanquished.

Vanquished Creatures (others)
  2 plants (D:11)
2 creatures vanquished.

Grand Total: 276 creatures vanquished

Notes
Turn   | Place    | Note
-------+----------+-------------------------------------------
     0 | D:1      | Gildeon the Minotaur Berserker began the quest for the Orb.
     0 | D:1      | Reached XP level 1. HP: 19/19 MP: 0/0
   228 | D:1      | Reached XP level 2. HP: 26/26 MP: 1/1
  1008 | D:2      | Reached skill level 5 in Maces & Flails
  1034 | D:2      | Reached XP level 3. HP: 32/33 MP: 2/2
  1721 | D:2      | Reached ** piety under Trog
  1841 | D:2      | Reached XP level 4. HP: 41/41 MP: 3/3
  2000 | D:2      | Reached skill level 5 in Fighting
  2434 | D:3      | Reached XP level 5. HP: 48/48 MP: 4/4
  2849 | D:4      | Noticed an ogre
  2856 | D:4      | Killed an ogre
  2856 | D:4      | Reached skill level 5 in Armour
  2891 | D:4      | Reached XP level 6. HP: 49/56 MP: 5/5
  3071 | D:4      | Found Kucheror's Armour Shop.
  3126 | D:4      | Reached *** piety under Trog
  3658 | D:5      | Entered Level 5 of the Dungeon
  3696 | D:5      | Reached skill level 5 in Dodging
  3884 | D:5      | Found a runed door.
  3888 | D:5      | Noticed Crazy Yiuf
  3902 | D:5      | Killed Crazy Yiuf
  3902 | D:5      | Reached skill level 1 in Throwing
  3902 | D:5      | Reached XP level 7. HP: 56/61 MP: 6/6
  3980 | D:5      | Noticed Blork the orc
  3988 | D:5      | Killed Blork the orc
  4866 | D:6      | Reached skill level 5 in Throwing
  4866 | D:6      | Reached XP level 8. HP: 64/69 MP: 7/7
  4926 | D:6      | Reached skill level 1 in Evocations
  5079 | D:6      | Reached **** piety under Trog
  5466 | D:6      | Found a staircase to the Ecumenical Temple.
  5524 | D:6      | Reached skill level 5 in Evocations
  6225 | D:7      | Noticed vineage's ghost (novice MiFi)
  6248 | D:7      | Killed vineage's ghost
  6248 | D:7      | Reached XP level 9. HP: 37/73 MP: 11/11
  7032 | D:8      | Reached skill level 10 in Maces & Flails
  7250 | D:8      | Received a gift from Trog
  8369 | D:9      | Reached XP level 10. HP: 91/91 MP: 12/12
  8408 | D:9      | Noticed a two-headed ogre
  8414 | D:9      | Killed a two-headed ogre
  8414 | D:9      | Reached skill level 5 in Axes
  8420 | D:9      | Found a staircase to the Orcish Mines.
  8453 | D:9      | Found a transporter.
  8467 | D:9      | Noticed a centaur warrior
  8650 | D:9      | Noticed Jessica
  8653 | D:9      | Killed Jessica
  8682 | D:9      | Found a deep blue altar of Sif Muna.
  8870 | D:9      | Found a shattered altar of Ashenzari.
  8911 | D:9      | Found a transporter.
  8911 | D:9      | Found a transporter.
  8911 | D:9      | Found a transporter.
  8923 | D:9      | Killed a centaur warrior
  9230 | D:9      | Found a transporter.
  9237 | D:9      | Found a transporter.
  9253 | D:9      | Got a wavering amber ring
  9270 | D:9      | Received a gift from Trog
  9551 | D:10     | Entered Level 10 of the Dungeon
  9625 | D:10     | Found a staircase to the Lair.
  9637 | D:10     | Reached ***** piety under Trog
  9637 | D:10     | Reached skill level 10 in Fighting
  9647 | D:10     | Reached XP level 11. HP: 29/101 MP: 13/13
 10192 | D:10     | Noticed Fannar
 10200 | D:10     | Killed Fannar
 10300 | D:10     | Noticed a green ugly thing
 10313 | D:10     | Killed a cyan ugly thing
 10878 | D:11     | Noticed a brown ugly thing
 10891 | D:11     | Killed a brown ugly thing
 11125 | D:11     | Noticed Maurice
 11153 | D:11     | Killed Maurice
 11153 | D:11     | Reached skill level 10 in Armour
 12295 | D:12     | Received a gift from Trog
 12389 | D:12     | Noticed Kirke
 12426 | D:11     | HP: 2/101 [wyvern (20)]
 12427 | D:11     | Demolished by a wyvern

Vault maps used:
D:1:      saegor_arrival_under_anarchy
D:3:      first_bread, corexii_hall_statues_deadend
D:4:      serial_shops, nicolae_shop_statue_plus
D:5:      uniq_crazy_yiuf_cottage, uniq_blork_the_orc
D:6:      kennysheep_kobold_camp, minmay_temple_entry_junction_2,
          enter_ossuary_5
D:9:      gammafunk_the_bubble, tgw_sif, orc_0_dummy, basic_altar
D:10:     minmay_lair_entry_grove, hangedman_stone_soup, uniq_fannar
D:11:     pond, uniq_maurice
D:12:     uniq_kirke, uniq_urug

Skill      XL: |  1  2  3  4  5  6  7  8  9 10 11 |
---------------+----------------------------------+-----
Maces & Flails | 4 5 9 10 | 10.0
Fighting       | 4 5 9 10 | 10.9
Armour         | 3 5 10 | 10.0
Dodging        | 5 6 |  6.7
Throwing       | 1 5 |  5.0
Evocations     | 5 |  5.0
Axes           | 3 9 |  9.4

Action                   |  1- 3 |  4- 6 |  7- 9 | 10-12 || total
-------------------------+-------+-------+-------+-------++-------
Melee: Mace              |    85 |    12 |       |       ||    97
       Headbutt          |    20 |    28 |    56 |    41 ||   145
       Flail             |       |    32 |       |       ||    32
       Dire flail        |       |    81 |   252 |       ||   333
       Unarmed           |       |    11 |       |     4 ||    15
       Battleaxe         |       |       |    32 |   188 ||   220
Throw: Throwing net      |       |       |     3 |       ||     3
       Javelin           |       |       |    10 |    16 ||    26
       Tomahawk          |       |       |     9 |    68 ||    77
Invok: Berserk           |       |     4 |     2 |     1 ||     7
       Trog's Hand       |       |       |     1 |       ||     1
       Burn Spellbooks   |       |       |     1 |     1 ||     2
       Brothers in Arms  |       |       |       |     1 ||     1
Evoke: Wand              |       |       |    15 |    27 ||    42
  Use: Scroll            |     6 |     4 |    11 |     6 ||    27
       Potion            |       |       |     3 |     5 ||     8
 Stab: Paralysed         |       |       |       |     3 ||     3
  Eat: Chunk             |     3 |     9 |     6 |     2 ||    20
       Bread ration      |       |       |     5 |     4 ||     9
Armor: Scale mail        |    30 |    23 |       |       ||    53
       Animal skin       |     6 |       |       |       ||     6
       Plate armour      |       |    49 |   171 |   160 ||   380
Dodge: Dodged            |    50 |    66 |   115 |   137 ||   368

Table legend:
 A = Spawn XP
 B = Non-spawn XP
 C = Spawn XP percentage of total XP
 D = Spawn monster count
 E = Non-spawn monster count
 F = Spawn count percentage of total count
 G = Total turns spent on level
                    A         B        C        D         E        F      G
               +---------+---------+-------+---------+---------+-------+---------
         Total |       0 |   18242 |   0.0 |       0 |     274 |   0.0 | 12427
               +---------+---------+-------+---------+---------+-------+---------
           D:1 |       0 |      24 |   0.0 |       0 |      17 |   0.0 |   744
           D:2 |       0 |     124 |   0.0 |       0 |      28 |   0.0 |  1373
           D:3 |       0 |      68 |   0.0 |       0 |      22 |   0.0 |   501
           D:4 |       0 |     353 |   0.0 |       0 |      15 |   0.0 |  1040
           D:5 |       0 |     551 |   0.0 |       0 |      12 |   0.0 |   982
           D:6 |       0 |    1533 |   0.0 |       0 |      45 |   0.0 |  1475
           D:7 |       0 |     985 |   0.0 |       0 |       5 |   0.0 |   863
           D:8 |       0 |    1821 |   0.0 |       0 |      24 |   0.0 |  1369
           D:9 |       0 |    3574 |   0.0 |       0 |      25 |   0.0 |  1204
          D:10 |       0 |    5180 |   0.0 |       0 |      44 |   0.0 |  1103
          D:11 |       0 |    2728 |   0.0 |       0 |      29 |   0.0 |  1461
          D:12 |       0 |    1301 |   0.0 |       0 |       8 |   0.0 |   312
               +---------+---------+-------+---------+---------+-------+---------
